 Dungeon Crawl Stone Soup version 0.17.1-1-g73c8601 (webtiles) character file.

228 Implojin the Ruffian (level 5, -13/50 HPs)
             Began as a Troll Fighter on Mar 31, 2016.
             Mangled by an ogre
             ... wielding a +0 giant spiked club
              (21 damage)
             ... on level 4 of the Dungeon.
             The game lasted 00:04:16 (975 turns).

Implojin the Ruffian (Troll Fighter)                 Turns: 975, Time: 00:04:16

Health: -13/50     AC:  4    Str: 24    XL:     5   Next: 70%
Magic:  4/4        EV:  8    Int:  4    God:
Gold:   65         SH:  8    Dex: 10    Spells: 0 memorised, 4 levels left

rFire  . . .     SeeInvis .       - Unarmed
rCold  . . .     Clarity  .     o - -2 robe (curse)
rNeg   . . .     SustAt   .     b - +0 shield
rPois  .         Gourm    +     (helmet restricted)
rElec  .         Spirit   .     i - +0 cloak
rCorr  .         Warding  .     (gloves unavailable)
rMut   .         Stasis   .     (boots unavailable)
MR     .....                    (no amulet)
Stlth  +.........               (no ring)
                                (no ring)

@: not resistant to hostile enchantments, very unstealthy
A: unfitting armour, claws 3, fast metabolism 3, gourmand, regeneration 2,
shaggy fur 1, tough skin 2
a: no special abilities


You were on level 4 of the Dungeon.
You were not hungry.

You visited 1 branch of the dungeon, and saw 4 of its levels.

You collected 65 gold pieces.

Inventory:

Missiles
 g - 8 javelins (quivered)
 h - a throwing net
Armour
 a - a +0 robe
 b - a +0 shield (worn)
 i - a +0 cloak (worn)
 o - a cursed -2 robe (worn)
Wands
 n - a wand of heal wounds (0)
Potions
 c - 2 potions of might
 e - a potion of cancellation {unknown}
 f - a potion of ambrosia {unknown}
 j - a potion of poison {unknown}
 m - 2 potions of brilliance {unknown}
 p - a potion of haste {unknown}
Comestibles
 d - 2 bread rations


   Skills:
 - Level 2.4 Fighting
 - Level 2.4 Dodging
 - Level 2.4 Shields
 * Level 6.0 Unarmed Combat


You had 4 spell levels left.
You didn't know any spells.

Dungeon Overview and Level Annotations

Branches:
Dungeon (4/15)
 Temple: D:4-7

Altars:
Qazlal


Innate Abilities, Weirdness & Mutations

You are too large for most types of armour.
You have claws for hands.
Your metabolism is lightning-fast.
You like to eat raw meat.
You heal very quickly.
You are covered in fur (AC +1).
You have very tough skin (AC +2).


Message History

You open the door.
There is an open door here.
Found a throwing net.
An orc comes into view. It is wielding a dagger.
You see here a throwing net.
h - a throwing net The orc shouts!
You block the orc's attack.
You closely miss the orc. You block the orc's attack.
You barely miss the orc. The orc hits you but does no damage.
You barely miss the orc. The orc hits you but does no damage.
You scratch the orc.
You kill the orc!
Things that are here:
a dagger; a ring mail; an orc corpse You open the door.
Found a potion of might.
An ogre comes into view. It is wielding a giant spiked club.
The ogre shouts!
There is an open door here.
You see here a potion of might.
c - 2 potions of might (gained 1)
You block the ogre's attack.
You scratch the ogre.
The ogre is lightly wounded.
You block the ogre's attack.
You barely miss the ogre.
The ogre is lightly wounded.
The ogre hits you with a giant spiked club!
You barely miss the ogre.
The ogre is lightly wounded.
You barely miss the ogre.
The ogre is lightly wounded.
The ogre hits you with a giant spiked club!!
Ouch! That really hurt!
* * * LOW HITPOINT WARNING * * *
Found an escape hatch in the floor.
You open the door.
The ogre hits you with a giant spiked club!!
You die...

#.... #.... ###### ##....
.....# #....... ....#
#..$.... ... ....#
##.#.......
....#####...##.##.#.......
..........'......##.#.......
.....>#####@..# #.#.......
...........O..#####.....###.
.....##....#............# #.
....##....#.##.........# #.
#........##.........###.
#.......................
+.......................
#..............##.......
+........##....###'####.


You could see an ogre.

Vanquished Creatures
  Duvessa (D:4)
  Dowan (D:4)
  An iguana (D:4)
  Robin (D:2)
  2 orcs
  3 ball pythons
  A giant cockroach (D:2)
  11 goblins
  5 hobgoblins
  A bat (D:3)
  2 giant newts (D:2)
  2 kobolds (D:1)
  5 rats
36 creatures vanquished.

Notes
Turn   | Place    | Note
--------------------------------------------------------------
     0 | D:1      | Implojin the Troll Fighter began the quest for the Orb.
     0 | D:1      | Reached XP level 1. HP: 22/22 MP: 0/0
   128 | D:1      | Reached XP level 2. HP: 29/29 MP: 1/1
   282 | D:2      | Reached skill level 3 in Unarmed Combat
   369 | D:2      | Noticed an earth elemental
   371 | D:2      | Noticed Robin
   405 | D:2      | Killed Robin
   405 | D:2      | Reached XP level 3. HP: 24/36 MP: 2/2
   411 | D:2      | Found a stormy altar of Qazlal.
   413 | D:2      | Noticed a fire elemental
   413 | D:2      | Noticed an air elemental
   413 | D:2      | Noticed a water elemental
   619 | D:4      | Noticed a phantom
   714 | D:4      | Reached skill level 4 in Unarmed Combat
   714 | D:4      | Reached XP level 4. HP: 34/44 MP: 3/3
   793 | D:4      | Noticed Duvessa
   793 | D:4      | Noticed Dowan
   812 | D:4      | Killed Duvessa
   812 | D:4      | Reached skill level 5 in Unarmed Combat
   812 | D:4      | Reached XP level 5. HP: 23/50 MP: 4/4
   819 | D:4      | Killed Dowan
   819 | D:4      | Reached skill level 6 in Unarmed Combat
   952 | D:4      | Noticed an ogre
   962 | D:4      | HP: 1/50 [ogre/giant spiked club (33)]
   975 | D:4      | Mangled by an ogre

Action                   |  1- 3 |  4- 6 || total
-------------------------+-------+-------++-------
Melee: Unarmed           |    82 |    25 ||   107
  Use: Scroll            |       |     3 ||     3
 Stab: Sleeping          |     1 |       ||     1
  Eat: Chunk             |     3 |     1 ||     4
       Bread ration      |       |     1 ||     1

Table legend:
 A = Turns spent in this place as a percentage of turns spent in the entire game.
 B = Non-inter-level travel turns spent in this place as a percentage of non-inter-level travel turns spent in the entire game.
 C = Inter-level travel turns spent in this place as a percentage of turns spent in this place.
 D = Turns resting spent in this place as a percentage of non-inter-level travel turns spent in this place.
 E = Turns spent auto-exploring this place as a percentage of non-inter-level travel turns spent in this place.
 F = Non-inter-level travel turns spent in this place divided by the number of levels of this place that you've seen.
                   A       B       C       D       E      F
               +-------+-------+-------+-------+-------+----------------------
         Total | 100.0 | 100.0 |   0.0 |   0.0 |   0.0 | 241.0
       Dungeon | 100.0 | 100.0 |   0.0 |   0.0 |   0.0 | 241.0
               +-------+-------+-------+-------+-------+----------------------

Table legend:
 A = Kills in this place as a percentage of kills in entire the game.
 B = Kills by you in this place as a percentage of kills by you in the entire game.
 C = Kills by friends in this place as a percentage of kills by friends in the entire game.
 D = Other kills in this place as a percentage of other kills in the entire game.
 E = Experience gained in this place as a percentage of experience gained in the entire game.
 F = Experience gained in this place divided by the number of levels of this place that you have seen.
                   A       B       C       D       E      F
               +-------+-------+-------+-------+-------+----------------------
         Total | 100.0 | 100.0 |  -nan |  -nan | 100.0 |  81.5
       Dungeon | 100.0 | 100.0 |  -nan |  -nan | 100.0 |  81.5
               +-------+-------+-------+-------+-------+----------------------
